 Dungeon Crawl Stone Soup version 0.21-a0-274-gc1afaeb (webtiles) character file.

51 Espgualade the Skirmisher (level 3, -8/23 HPs)
             Began as a Tengu Ice Elementalist on Sept 18, 2017.
             Splashed by a jelly's acid (9 damage)
             ... on level 2 of the Dungeon.
             The game lasted 00:02:24 (1669 turns).

Espgualade the Skirmisher (Tengu Ice Elementalist)  Turns: 1669, Time: 00:02:24

Health: -8/23      AC:  2    Str:  8    XL:     3   Next: 81%
Magic:  5/7        EV: 12    Int: 16    God:
Gold:   53         SH:  0    Dex: 14    Spells: 5/6 levels left

rFire    . . .     SeeInvis .   m - +0 dagger
rCold    . . .     Gourm    .   (no shield)
rNeg     . . .     Faith    .   a - +0 robe
rPois    .         Spirit   .   (helmet restricted)
rElec    .         Reflect  .   (no cloak)
rCorr    .         Harm     .   (no gloves)
MR       .....                  (boots unavailable)
Stlth    ++........             (no amulet)
HPRegen  0.07/turn              (no ring)
MPRegen  0.10/turn              (no ring)

@: no status effects
A: beak, talons 3
a: no special abilities


You were on level 2 of the Dungeon.
You were not hungry.

You visited 1 branch of the dungeon, and saw 2 of its levels.

You collected 53 gold pieces.

Inventory:

Hand Weapons
 m - a +0 dagger (weapon)
Armour
 a - a +0 robe (worn)
Wands
 k - a wand of iceblast (10/15)
Scrolls
 d - a scroll of teleportation {unknown}
 e - a scroll of identify {unknown}
 f - 3 scrolls of noise {unknown}
 i - 2 scrolls of remove curse {unknown}
 l - a scroll of amnesia {unknown}
Potions
 g - a potion of curing {unknown}
 h - a potion of degeneration {unknown}
Books
 b - a book of Frost

   Spells                             Type                      Level
   a - Freeze                         Ice                          1
   b - Throw Frost                    Conjuration/Ice              2
   c - Ozocubu's Armour               Charms/Ice                   3
   d - Throw Icicle                   Conjuration/Ice              4
   e - Summon Ice Beast               Ice/Summoning                4
Comestibles
 c - 2 bread rations
 j - 3 meat rations


   Skills:
 + Level 3.3 Fighting
 - Level 2.1 Dodging
 - Level 2.0 Stealth
 - Level 2.0 Spellcasting
   Level 1.3 Conjurations
 - Level 2.6 Ice Magic


You had 5 spell levels left.
You knew the following spells:

 Your Spells              Type           Power        Failure   Level  Hunger
a - Freeze                Ice            ##..         7%          1    #......


Dungeon Overview and Level Annotations

Branches:
Dungeon (2/15)

Altars:
Okawaru


Innate Abilities, Weirdness & Mutations

You have a beak for a mouth.
You have claws for feet.


Message History

Aiming: Freeze
Press: ? - help, Shift-Dir - straight line, f/p - jelly
Aim: a jelly (lightly wounded)
You freeze the jelly.
The jelly is heavily wounded.
The jelly completely misses you.
The ooze moves out of view.
Casting: Freeze
Confirm with . or Enter, or press ? or * to list all spells.
Aiming: Freeze
Press: ? - help, Shift-Dir - straight line, f/p - jelly
Aim: a jelly (heavily wounded)
You freeze the jelly.
The jelly is severely wounded.
The jelly hits you.
You are splashed with acid!
The acid burns!
* * * LOW HITPOINT WARNING * * *
There is an open door here.
The jelly hits you.
* * * LOW HITPOINT WARNING * * *
You are splashed with acid!
The acid burns!
You die...

#.#.# #.P #.........# #.#.#
#.P #.........# #.#.# #.P
#.........# #.#.# #.P
#.........# #.#.# #'#######
#.........# #...#
#...J..###.........#
#######..#
########.########.###
.......รท.## #....JJ.## #.#
#######.>.# #...@#### #.#
......#.#.# #.......# #.#
.####.#.#.# #.......# #.#
....#.#.#.# #.......# #.#
#####.#.#.# #.......# #.#
......#.#.# ##.....## #.#
#######.#.#####...## #.#
............###'''#########
#.#
#######.######...(.#......#
#.#


You could see a jelly and an ooze.

Vanquished Creatures
  An adder (D:2)
  A howler monkey skeleton (D:2)
  An ooze (D:2)
  2 leopard geckos (D:2)
  A bat (D:1)
  A giant cockroach (D:2)
  2 goblins
  A hobgoblin (D:2)
  7 kobolds (D:2)
  A quokka (D:2)
  2 frilled lizards (D:2)
  8 rats
28 creatures vanquished.

Vanquished Creatures (others)
  5 toadstools (D:2)
5 creatures vanquished.

Grand Total: 33 creatures vanquished

Notes
Turn   | Place    | Note
-------+----------+-------------------------------------------
     0 | D:1      | Espgualade the Tengu Ice Elementalist began the quest for the Orb.
     0 | D:1      | Reached XP level 1. HP: 10/10 MP: 4/4
   150 | D:1      | Reached skill level 1 in Fighting
   666 | D:2      | Reached XP level 2. HP: 5/16 MP: 4/6
   899 | D:2      | Reached skill level 2 in Fighting
  1084 | D:2      | Found an iron altar of Okawaru.
  1111 | D:2      | Reached XP level 3. HP: 10/22 MP: 1/7
  1355 | D:2      | Found a faded altar of an unknown god.
  1504 | D:2      | Reached skill level 3 in Fighting
  1669 | D:2      | HP: 1/23 [jelly (2)]
  1669 | D:2      | Splashed by a jelly's acid

Vault maps used:
D:1:      roderic_octagonal_star
D:2:      cheibrodos_fertilizer, kiku_gazebo_pond_becter, lemuel_round_altar,
          old_standard_altar, chequers_ecumenical_altar_simple_redux

Skill      XL: |  1  2  3 |
---------------+----------+-----
Fighting       | 1 2 3 |  3.3
Dodging        | |  2.1
Stealth        | |  2.0
Spellcasting   | |  2.0
Conjurations   | |  1.3
Ice Magic      | |  2.6

Action                   || total
-------------------------++-------
Melee: Unarmed           ||    63
       Kick              ||    15
       Peck              ||    12
       Dagger            ||    12
 Cast: Freeze            ||    20
 Stab: Sleeping          ||     3
  Eat: Chunk             ||     2
       Bread ration      ||     1
Armor: Robe              ||     6
Dodge: Dodged            ||    56

Table legend:
 A = Spawn XP
 B = Non-spawn XP
 C = Spawn XP percentage of total XP
 D = Spawn monster count
 E = Non-spawn monster count
 F = Spawn count percentage of total count
 G = Total turns spent on level
                    A         B        C        D         E        F      G
               +---------+---------+-------+---------+---------+-------+---------
         Total |       0 |      73 |   0.0 |       0 |      28 |   0.0 |  1669
               +---------+---------+-------+---------+---------+-------+---------
           D:1 |       0 |       8 |   0.0 |       0 |       6 |   0.0 |   597
           D:2 |       0 |      65 |   0.0 |       0 |      22 |   0.0 |  1072
               +---------+---------+-------+---------+---------+-------+---------
